 Dungeon Crawl Stone Soup version 0.16.1-30-g34a7ffa (webtiles) character file.

37 joy the Sneak (level 3, -2/16 HPs)
             Began as a Spriggan Enchanter on June 20, 2015.
             Was an Initiate of Makhleb.
             Slain by an orc priest
             ... wielding a +1 dagger of venom
              (7 damage)
             ... on level 2 of the Dungeon.
             The game lasted 00:03:39 (2353 turns).

joy the Sneak (Spriggan Enchanter)                  Turns: 2353, Time: 00:03:39

Health: -2/16      AC:  3    Str:  4    XL:     3   Next: 23%
Magic:  9/9        EV: 18    Int: 17    God:    Makhleb [......]
Gold:   100        SH:  0    Dex: 16    Spells: 1 memorised, 6 levels left

rFire  . . .     SeeInvis +     g - +0 short sword
rCold  . . .     Clarity  .     b - +1 robe
rNeg   . . .     SustAb   .     (shield restricted)
rPois  .         Gourm    .     (helmet restricted)
rElec  .         Spirit   .     (no cloak)
rCorr  .         Warding  .     (gloves unavailable)
rMut   .         Stasis   .     (boots unavailable)
MR     .....                    (no amulet)
Stlth  ++++......               (no ring)
                                (no ring)

@: lethally poisoned (-2 -> -11), very quick, not resistant to hostile
enchantments, stealthy
A: unfitting armour, see invisible, herbivore 3, speed 3, slow metabolism 2
a: Renounce Religion


You were on level 2 of the Dungeon.
You worshipped Makhleb.
Makhleb was noncommittal.
You were not hungry.

You visited 1 branch of the dungeon, and saw 3 of its levels.

You collected 100 gold pieces.

Inventory:

Hand weapons
 a - a +1 dagger
 g - a +0 short sword (weapon)
Missiles
 l - 16 poisoned needles
Armour
 b - a +1 robe (worn)
Scrolls
 e - 3 scrolls of identify {unknown}
 f - 2 scrolls of recharging {unknown}
 i - a scroll of amnesia {unknown}
 j - a scroll of enchant weapon {unknown}
 s - a scroll of immolation {unknown}
Potions
 h - a potion of flight {unknown}
 k - a potion of cure mutation {unknown}
 m - a potion of ambrosia {unknown}
 o - a potion of might {unknown}
 p - a potion of poison {unknown}
 r - 2 potions of curing {unknown}
 t - a potion of invisibility {unknown}
 u - a potion of cancellation {unknown}
Books
 c - a book of Maledictions

   Spells                             Type                      Level
   a - Corona                         Hexes                        1
   b - Sure Blade                     Hexes/Charms                 2
   c - Ensorcelled Hibernation        Hexes/Ice                    2
   d - Confuse                        Hexes                        3
   e - Dazzling Spray                 Conjuration/Hexes            3
   f - Enslavement                    Hexes                        4
Comestibles
 d - 2 bread rations
 n - a slice of pizza
 q - a royal jelly


   Skills:
 + Level 2.4 Short Blades
 - Level 3.0 Dodging
 + Level 5.7 Stealth
 - Level 2.6 Spellcasting
 - Level 3.6 Hexes


You had 6 spell levels left.
You knew the following spells:

 Your Spells              Type           Power        Failure   Level  Hunger
a - Corona                Hex            ##.....      4%          1    #......


Dungeon Overview and Level Annotations

Branches:
Dungeon (3/15)

Altars:
Makhleb
Yredelemnul


Innate Abilities, Weirdness & Mutations

You are tiny and cannot use many weapons and most armour.
You have supernaturally acute eyesight.
You are a herbivore.
You cover ground extremely quickly.
You need consume almost no food.


Message History

The orc shouts!
Found 14 gold pieces and 11 stones.
Found an escape hatch in the ceiling.
There is a stone staircase leading up here.
You closely miss the orc priest.
The orc priest shouts!
The orc shouts!
The orc shouts!
The kobold shouts!
You hear a shout!
The bat misses you.
The orc priest hits you with a dagger of venom.
You are poisoned.
The orc closely misses you.
The kobold throws a stone.
The stone barely misses you.
The stone closely misses the orc.
You feel sick. The bat hits you. The bat hits you but does no damage.
The orc priest closely misses you.
You climb upwards.
You feel sick.
There is a stone staircase leading down here.
Unknown command.
You hit the orc priest but do no damage.
You feel sick. The orc hits you with a war axe.
The orc priest hits you with a dagger of venom!
You die...

#.##.# #####.#.### #.##.#
#.....#...#
#.##.#####.#####.#.#
#...........≈≈######
#.##########≈##⌠#⌠## #####.#
#≈#≈≈≈§≈# #.....# #≈#≈...≈##
####.###.##########≈#≈...≈⌠#
...............o@o..§§._.≈##
.###.##.###########≈#≈...≈⌠#
.##...#.#### #≈#≈...≈##
...........## #≈#≈§≈≈≈#
.##...#..#..# #≈##⌠#⌠####
.###.##.....# #≈≈######.# .#
#....P.P.# ####.# #.# .#
####.._..# #.# #.# .#
#.P.P.# ########.# #.#


You could see an orc priest and an orc.

Vanquished Creatures
  A giant gecko (D:1)
  3 giant cockroaches
  6 hobgoblins
  4 jackals (D:2)
  4 kobolds (D:1)
  6 bats
  A giant newt (D:1)
  4 goblins
  5 rats
34 creatures vanquished.

Notes
Turn   | Place    | Note
--------------------------------------------------------------
     0 | D:1      | joy, the Spriggan Enchanter, began the quest for the Orb.
     0 | D:1      | Reached XP level 1. HP: 9/9 MP: 4/4
   248 | D:1      | Reached XP level 2. HP: 7/13 MP: 7/7
  1054 | D:1      | Reached skill level 5 in Stealth
  1325 | D:2      | Reached XP level 3. HP: 12/16 MP: 9/9
  1621 | D:2      | Found a basalt altar of Yredelemnul.
  1764 | D:2      | Found a burning altar of Makhleb.
  1871 | D:2      | Became a worshipper of Makhleb the Destroyer
  2353 | D:2      | Slain by an orc priest

Action                   || total
-------------------------++-------
Melee: Dagger            ||    48
       Short sword       ||    98
 Stab: Sleeping          ||     4
